 Dungeon Crawl Stone Soup version bcrawl-1.19.1 (webtiles) character file.

Game seed: 6002122817582962665

966 JackS81 the Caller (level 7, -1/46 HPs)
             Began as a Vampire Summoner on Nov 27, 2019.
             Was a Follower of Ru.
             Slain by a kobold (2 damage)
             ... on level 5 of the Dungeon.
             The game lasted 00:27:12 (5760 turns).

JackS81 the Caller (Vampire Summoner)               Turns: 5760, Time: 00:27:13

Health: -1/46      AC:  2    Str: 11    XL:     7   Next: 93%
Magic:  2/12       EV: 13    Int: 16    God:    Ru [*.....]
Gold:   142        SH:  0    Dex: 18    Spells: 7/13 levels left

rFire    . . .     SeeInvis +     - Unarmed
rCold    + . .     Gourm    .   (no shield)
rNeg     + + .     Faith    .   a - +0 robe
rPois    ∞         Spirit   .   (no helmet)
rElec    .         Reflect  .   (no cloak)
rCorr    .         Harm     .   (no gloves)
MR       .....                  (no boots)
Stlth    +++++.....             (no amulet)
HPRegen  0.07/turn              l - +3 ring of dexterity
MPRegen  0.13/turn              (no ring)

@: bloodless, regenerating slowly
A: claws 1, fangs 3, see invisible, unbreathing, unskilled 1
a: Renounce Religion


You were on level 5 of the Dungeon.
You worshipped Ru.
Ru was aware of your devotion.
You were bloodless.

You visited 1 branch of the dungeon, and saw 5 of its levels.

You collected 142 gold pieces.

Inventory:

Hand Weapons
 g - a +0 dagger
Missiles
 b - 664 stones (quivered)
 n - a throwing net {!f}
Armour
 a - a +0 robe (worn)
Jewellery
 l - a +3 ring of dexterity (left claw)
 s - an uncursed ring of resist corrosion
 u - an uncursed amulet of magic regeneration {unknown}
Wands
 m - a wand of random effects (10)
Scrolls
 c - a scroll of summoning
 e - 6 scrolls of identify {unknown}
 f - 2 scrolls of teleportation {unknown}
 k - 2 scrolls of noise {unknown}
 q - a scroll of enchant weapon {unknown}
 r - a scroll of enchant armour {unknown}
 t - a scroll of remove curse {unknown}
Potions
 d - 6 potions of blood
 h - a potion of degeneration {unknown}
 i - a potion of invisibility {unknown}
 j - a potion of might {unknown}
 o - a potion of berserk rage {unknown}
 p - a potion of haste


   Skills:
 - Level 2.0 Dodging
 + Level 4.3 Stealth
 + Level 4.2 Unarmed Combat
 + Level 3.5 Spellcasting
 * Level 6.4 Summonings
 * Level 2.5 Evocations


You had 7 spell levels left.
You knew the following spells:

 Your Spells              Type           Power        Failure   Level  Hunger
a - Summon Small Mammal   Summ           ###.         1%          1    None
b - Call Imp              Summ           ###...       1%          2    ##.....
c - Call Canine Familiar  Summ           ###.....     3%          3    ###....

Your spell library contained the following spells:

 Spells                   Type           Power        Failure   Level  Hunger
 Summon Ice Beast         Ice/Summ       ##......     43%         4    ####...
 Summon Lightning Spire   Summ/Air       ##......     78%         5    ######.
 Haunt                    Necr/Summ      ##........   100%        7    #######
 Malign Gateway           Summ/Tloc      ##........   100%        7    #######
 Monstrous Menagerie      Summ           ###.......   100%        7    #######
 Summon Greater Demon     Summ           ###.......   100%        7    #######
 Summon Horrible Things   Summ           ###.......   100%        8    #######


Dungeon Overview and Level Annotations

Branches:
Dungeon (5/12)
 Temple: D:4-7

Altars:
Ashenzari
Fedhas
Gozag
Nemelex Xobeh
Ru
Uskayaw


Innate Abilities, Weirdness & Mutations

You heal slowly.
You are immune to poison.
You have sharp fingernails.
You have razor-sharp teeth.
You have supernaturally acute eyesight. (SInv)
You can survive without breathing.
You are somewhat unskilled. (-1 Apt)


Message History

The kobold barely misses your hound.
You claw the big kobold!
You kill the big kobold!
The kobold barely misses you.
Your crimson imp barely misses the kobold.
The kobold hits your hound.
The kobold is stunned by your will and fails to attack.
Your hound completely misses the kobold.
Casting: Call Canine Familiar (safe; 3% risk of failure)
Confirm with . or Enter, or press ? or * to list all spells.
A beastly little devil appears in a puff of flame.
Your hound bites the kobold.
The kobold dies!
The kobold closely misses you.
Your hound bites the kobold.
The kobold hits you with a +0 short sword.
* * * LOW HITPOINT WARNING * * *
Your hound bites the kobold.
The kobold dies!
The kobold hits you.
You die...

#%......
######.....#.....†.
#..........#.......
#..........#######.
+................#.
#....)... .........
#....†#'###.####^##
#...))#)..#.# ...
#.@K)h'†..#.#......
#....5#...+.#......
+.....#...#.#..._..
#5...!#...#.#......
#.....#...#.#......
#######...#.# .....
#......####^##
#.............
#........###..


You could see a kobold, a friendly hound and 2 friendly crimson imps.

Vanquished Creatures
  A centaur (D:5)
  A big kobold (D:5)
  A water moccasin skeleton (D:4)
  A scorpion (D:4)
  A crimson imp (D:3)
  An orc wizard (D:4)
  Terence (D:2)
  An iguana (D:4)
  3 worker ants
  4 gnolls (D:3)
  4 adders
  2 oozes (D:1)
  An adder skeleton (D:4)
  A dart slug (D:3)
  8 leopard geckos
  9 orcs
  A bat (D:1)
  2 giant cockroaches
  2 goblins (D:1)
  8 hobgoblins
  4 jackals (D:2)
  3 kobolds
  A quokka (D:3)
  3 ball pythons
  2 frilled lizards
  A quokka skeleton (D:5)
  3 rats (D:1)
70 creatures vanquished.

Vanquished Creatures (collateral kills)
  A water moccasin (D:4)
  An ice beast (D:5)
  A phantom (D:4)
  A scorpion (D:4)
  2 crimson imps
  A hound (D:4)
  3 orc wizards (D:4)
  A gnoll shaman (D:4)
  2 bullfrog skeletons
  A howler monkey skeleton (D:4)
  5 gnolls (D:4)
  4 adders
  An ooze (D:3)
  A worm (D:3)
  8 orcs
  A giant cockroach (D:3)
  A goblin (D:1)
  3 hobgoblins
  A jackal (D:4)
  6 kobolds
  2 quokkas
  A frilled lizard (D:3)
  A jackal skeleton (D:4)
  A rat (D:1)
50 creatures vanquished.

Grand Total: 120 creatures vanquished

Notes
Turn   | Place    | Note
-------+----------+-------------------------------------------
     0 | D:1      | JackS81 the Vampire Summoner began the quest for the Orb.
     0 | D:1      | Reached XP level 1. HP: 13/13 MP: 3/3
    87 | D:1      | Reached XP level 2. HP: 15/19 MP: 5/5
    91 | D:1      | Learned a level 2 spell: Call Imp
   551 | D:1      | Reached skill level 1 in Unarmed Combat
   931 | D:2      | Found a blossoming altar of Fedhas.
   952 | D:2      | Reached XP level 3. HP: 22/24 MP: 3/6
   972 | D:2      | Found an opulent altar of Gozag.
   972 | D:2      | Found a shattered altar of Ashenzari.
   973 | D:2      | Found a hide-covered altar of Uskayaw.
  1046 | D:2      | Noticed Terence
  1066 | D:2      | Killed Terence
  1333 | D:2      | Found a sacrificial altar of Ru.
  1356 | D:2      | Became a worshipper of Ru the Awakened
  1816 | D:3      | Reached skill level 5 in Summonings
  1816 | D:3      | Reached XP level 4. HP: 26/30 MP: 1/7
  1998 | D:3      | Found a faded altar of an unknown god.
  2783 | D:3      | Reached XP level 5. HP: 26/35 MP: 5/8
  2819 | D:3      | Reached skill level 1 in Evocations
  2881 | D:3      | Learned a level 3 spell: Call Canine Familiar
  3423 | D:4      | Reached XP level 6. HP: 17/41 MP: 8/10
  4287 | D:4      | Gained mutation: You are somewhat unskilled. (-1 Apt) [Ru
                  | sacrifice]
  4287 | D:4      | Reached * piety under Ru
  4448 | D:4      | Reached XP level 7. HP: 38/46 MP: 7/11
  5313 | D:4      | Reached skill level 6 in Summonings
  5327 | D:5      | Entered Level 5 of the Dungeon
  5684 | D:5      | Found a sparkling altar of Nemelex Xobeh.
  5759 | D:5      | HP: 1/46 [kobold/+0 short sword (3)]
  5760 | D:5      | Slain by a kobold

Skill      XL: |  1  2  3  4  5  6  7 |
---------------+----------------------+-----
Unarmed Combat | 1 3 3 4 |  4.2
Summonings     | 5 6 |  6.4
Stealth        | 4 |  4.3
Evocations     | 1 2 |  2.5
Spellcasting   | 2 3 |  3.5
Dodging        | |  2.0

Action                   |  1- 3 |  4- 6 |  7- 9 || total
-------------------------+-------+-------+-------++-------
Melee: Unarmed           |    97 |   167 |    68 ||   332
       Bite              |     8 |    21 |     5 ||    34
       Punch             |     1 |     3 |     1 ||     5
 Cast: Summon Small Mamm |     7 |    11 |     5 ||    23
       Call Imp          |    10 |    20 |    14 ||    44
       Call Canine Famil |       |     9 |    13 ||    22
Invok: Sacrifice Skill   |       |     1 |       ||     1
Evoke: Wand              |     1 |       |       ||     1
  Use: Potion            |     6 |    13 |     1 ||    20
 Stab: Sleeping          |     6 |     5 |       ||    11
       Distracted        |     2 |       |     2 ||     4
Armor: Robe              |     9 |    15 |     9 ||    33
Dodge: Dodged            |    51 |   115 |    52 ||   218
